 Dungeon Crawl Stone Soup version 0.15.2 (webtiles) character file.

98 4tharraofdagon the Chiller (level 4, 0/21 HPs)
             Began as a Vine Stalker Ice Elementalist on Jan 20, 2015.
             Hit by a tomahawk thrown by an orc (1 damage)
             ... on Level 4 of the Dungeon.
             The game lasted 00:05:20 (1045 turns).

4tharraofdagon the Chiller (VSIE)                   Turns: 1045, Time: 00:05:20

HP   0/21        AC  3     Str 11      XL: 4   Next: 69%
MP   0/10        EV 11     Int 16      God:
Gold 119         SH  0     Dex 14      Spells:  1 memorised,  8 levels left

rFire  . . .     SeeInvis .     (no weapon)
rCold  . . .     Clarity  .     o - -2 leather armour (curse)
rNeg   . . .     rCorr    .     (no shield)
rPois  .         rRot     +     (no helmet)
rElec  .         Spirit   +     i - +0 cloak
SustAb .         Warding  .     g - +0 pair of gloves
rMut   .         Stasis   .     (no boots)
Gourm  .                        (no amulet)
MR     +....                    (no ring)
                                m - ring of protection from magic

@: somewhat resistant to hostile enchantments, unstealthy
A: fangs 2, regeneration 1, magic shield, antimagic bite, no device heal 3, rot
immunity
a: no special abilities


You were on level 4 of the Dungeon.
You were not hungry.

You visited 1 branch of the dungeon, and saw 4 of its levels.

You collected 119 gold pieces.

Inventory:

Armour
 a - a +0 robe
 g - a +0 pair of gloves (worn)
 i - a +0 cloak (worn)
 o - a cursed -2 leather armour (worn)
Comestibles
 c - 2 bread rations
 r - a beef jerky
 v - 5 fruits
 z - a chunk of rat flesh
Scrolls
 d - 2 scrolls of immolation {unknown}
 e - a scroll of noise {unknown}
 f - a scroll of teleportation {unknown}
 h - a scroll of magic mapping {unknown}
 l - a scroll of identify {unknown}
 n - 2 scrolls of remove curse {unknown}
 p - a scroll of enchant weapon {unknown}
 q - a scroll of amnesia {unknown}
 t - a scroll of blinking
 w - a scroll of random uselessness {unknown}
 x - a scroll of enchant armour {unknown}
Jewellery
 m - a ring of protection from magic (left hand)
Potions
 j - 2 potions of agility {unknown}
 k - a potion of lignification {unknown}
 s - 2 potions of curing {unknown}
 u - a potion of heal wounds {unknown}
Books
 b - a book of Frost

   Spells                             Type                      Level
   *Freeze                            Ice                          1
   Throw Frost                        Conjuration/Ice              2
   Ozocubu's Armour                   Charms/Ice                   3
   Throw Icicle                       Conjuration/Ice              4
   Summon Ice Beast                   Ice/Summoning                4
   Condensation Shield                Ice                          4


   Skills:
 - Level 1.5 Dodging
 - Level 2.4 Stealth
 + Level 3.1 Spellcasting
   Level 1.0 Conjurations
 * Level 4.7 Ice Magic


You had 8 spell levels left.
You knew the following spells:

 Your Spells              Type           Power        Failure   Level  Hunger
a - Freeze                Ice            ###.         2%          1    None


Dungeon Overview and Level Annotations

Branches:
Dungeon (4/15)
 Temple: D:4-7

Altars:
Qazlal
Yredelemnul


Innate Abilities, Weirdness & Mutations

You have extremely sharp teeth.
Your natural rate of healing is unusually fast.
When hurt, damage is shared between your health and your magic reserves.
Your bite disrupts and absorbs the magic of your enemies.
Potions and wands cannot restore your health.
You are immune to rotting.


Message History

Confirm with . or Enter, or press ? or * to list all spells.
You can't see any susceptible monsters within range! (Use Z to cast anyway.) Unknown command.
The orc shouts!
The orc hits you with a trident.
Casting: Freeze
Confirm with . or Enter, or press ? or * to list all spells.
Aiming: Freeze
Press: ? - help, Shift-Dir - straight line, f - orc
Aim: an orc, wielding a trident You freeze the orc.
The orc is heavily wounded.
The orc closely misses you. The orc hits you with a trident!
* * * LOW HITPOINT WARNING * * *
Casting: Freeze
Confirm with . or Enter, or press ? or * to list all spells.
You don't have enough magic to cast that spell.
Unknown command.
The orc throws a tomahawk.
The tomahawk hits you.
You die...

#### ###..
#...###### #
#######?..##(..##.#
..................
.........@......#
#...o..o.......##
.......o)((..<.#
..........###.#
..........# .#
........... ..
......##... ...
..... ##.####..
.#.# .# .##


You could see 3 orcs.

Vanquished Creatures
  An orc priest (D:3)
  An adder (D:2)
  A giant mite (D:3)
  2 giant geckos
  An ooze (D:2)
  5 orcs
  11 bats
  6 hobgoblins
  2 quokkas (D:3)
  A ball python (D:2)
  5 goblins
  2 kobolds (D:2)
  5 rats
43 creatures vanquished.

Notes
Turn   | Place    | Note
--------------------------------------------------------------
     0 | D:1      | 4tharraofdagon, the Vine Stalker Ice Elementalist, began the quest for the Orb.
     0 | D:1      | Reached XP level 1. HP: 9/9 MP: 3/3
   150 | D:1      | Reached XP level 2. HP: 13/13 MP: 2/6
   399 | D:2      | Reached XP level 3. HP: 12/16 MP: 2/7
   640 | D:2      | Reached skill level 4 in Ice Magic
   768 | D:2      | Found a stormy altar of Qazlal.
   865 | D:3      | Reached XP level 4. HP: 9/21 MP: 0/10
   931 | D:4      | Found a basalt altar of Yredelemnul.
  1044 | D:4      | HP: 1/21 [orc/trident (6)]
  1045 | D:4      | Hit by a tomahawk thrown by an orc

Action                   |  1- 3 |  4- 6 || total
-------------------------+-------+-------++-------
Melee: Unarmed           |    71 |    13 ||    84
 Cast: Freeze            |    40 |    12 ||    52
  Use: Scroll            |     1 |       ||     1
 Stab: Sleeping          |       |     1 ||     1
  Eat: Chunk             |       |     1 ||     1
